%YAML 1.1
%TAG !u! tag:unity3d.com,2011:
--- !u!1 &6311222100997071621
GameObject:
  m_ObjectHideFlags: 0
  m_CorrespondingSourceObject: {fileID: 0}
  m_PrefabInstance: {fileID: 0}
  m_PrefabAsset: {fileID: 0}
  serializedVersion: 6
  m_Component:
  - component: {fileID: 6311222100997071619}
  - component: {fileID: 6311222100997071618}
  - component: {fileID: 3506059913345060030}
  - component: {fileID: 1476921694937966802}
  - component: {fileID: 8740075292770552441}
  m_Layer: 0
  m_Name: Managers
  m_TagString: Untagged
  m_Icon: {fileID: 0}
  m_NavMeshLayer: 0
  m_StaticEditorFlags: 0
  m_IsActive: 1
--- !u!4 &6311222100997071619
Transform:
  m_ObjectHideFlags: 0
  m_CorrespondingSourceObject: {fileID: 0}
  m_PrefabInstance: {fileID: 0}
  m_PrefabAsset: {fileID: 0}
  m_GameObject: {fileID: 6311222100997071621}
  m_LocalRotation: {x: 0, y: 0, z: 0, w: 1}
  m_LocalPosition: {x: -1.65, y: 0.75, z: 0.5899999}
  m_LocalScale: {x: 1, y: 1, z: 1}
  m_Children: []
  m_Father: {fileID: 0}
  m_RootOrder: 0
  m_LocalEulerAnglesHint: {x: 0, y: 0, z: 0}
--- !u!114 &6311222100997071618
MonoBehaviour:
  m_ObjectHideFlags: 0
  m_CorrespondingSourceObject: {fileID: 0}
  m_PrefabInstance: {fileID: 0}
  m_PrefabAsset: {fileID: 0}
  m_GameObject: {fileID: 6311222100997071621}
  m_Enabled: 1
  m_EditorHideFlags: 0
  m_Script: {fileID: 11500000, guid: 9af3a2ca004c5439baec29c00549093d, type: 3}
  m_Name: 
  m_EditorClassIdentifier: 
  horizontalView: 1
  cameraArray:
  - {fileID: 1006722095457574617, guid: df8c23499ab3c449fa42be30f09bbf0d, type: 3}
  - {fileID: 3088300322429301812, guid: e4f3fc4f9d26f4e5fa1dbbe3f586c514, type: 3}
--- !u!114 &3506059913345060030
MonoBehaviour:
  m_ObjectHideFlags: 0
  m_CorrespondingSourceObject: {fileID: 0}
  m_PrefabInstance: {fileID: 0}
  m_PrefabAsset: {fileID: 0}
  m_GameObject: {fileID: 6311222100997071621}
  m_Enabled: 1
  m_EditorHideFlags: 0
  m_Script: {fileID: 11500000, guid: e09fbf1c4a5394ae1b6670d159fcc08a, type: 3}
  m_Name: 
  m_EditorClassIdentifier: 
  playerHealth:
  - {fileID: 0}
  - {fileID: 0}
  playerHolyWater:
  - {fileID: 0}
  - {fileID: 0}
  playerScore:
  - {fileID: 0}
  - {fileID: 0}
  currentTime: {fileID: 0}
  passedTime: 0
--- !u!114 &1476921694937966802
MonoBehaviour:
  m_ObjectHideFlags: 0
  m_CorrespondingSourceObject: {fileID: 0}
  m_PrefabInstance: {fileID: 0}
  m_PrefabAsset: {fileID: 0}
  m_GameObject: {fileID: 6311222100997071621}
  m_Enabled: 1
  m_EditorHideFlags: 0
  m_Script: {fileID: 11500000, guid: db25abf89c5fe4ba08f36dd1e6d89393, type: 3}
  m_Name: 
  m_EditorClassIdentifier: 
  spawnArea: {fileID: 0}
  enemyPrefabs:
  - {fileID: 2048125904511470519, guid: 7b50be6a14d134332941d9af494339f1, type: 3}
--- !u!114 &8740075292770552441
MonoBehaviour:
  m_ObjectHideFlags: 0
  m_CorrespondingSourceObject: {fileID: 0}
  m_PrefabInstance: {fileID: 0}
  m_PrefabAsset: {fileID: 0}
  m_GameObject: {fileID: 6311222100997071621}
  m_Enabled: 1
  m_EditorHideFlags: 0
  m_Script: {fileID: 11500000, guid: cbe075026be4d43f68cc5b53a3770a72, type: 3}
  m_Name: 
  m_EditorClassIdentifier: 
